AoeStats
← Lünsiger Aeros.

Arena

508085773Analyzed
4v4 RM · 11d ago on Sep 20, 2026· 63m 25s· 8 players
Game mode
Random Map
Map size
Large (8 player)
Population
200
Speed
Normal
Resources
Standard
Victory
Conquest
Starting age
Dark Age
Ending age
Imperial Age
RankedLock teamsTeams togetherTeam positionsShared explorationLock speedFull tech treeHidden civsTurbo modeCheats
Victory
Defeat
🇺🇸 Magyars · United States
1073
+13
🇮🇳 Burmese · India
1064
+14
🇹🇷 Khmer · Türkiye
979
+17
🇹🇷 Romans · Türkiye
948
+19
🇪🇸 Khmer · Spain
1033
-17
🇮🇹 Bohemians · Italy
1016
-16
🇪🇸 Byzantines · Spain
1015
-16
🇩🇪 Turks · Germany
967
-14
wallacebru
10:01 Loom
10:24 Loom
12:55 Feudal Age
17:14 Castle Age
15:32 Double-Bit Axe
16:43 Horse Collar
19:08 Fervor
24:33 Wheelbarrow
32:12 Imperial Age
30:13 Murder Holes
31:45 Chemistry
31:21 Scale Mail Armor
31:32 Forging
30:45 Pikeman
32:51 Hand Cart
33:24 Chain Mail Armor
33:10 Halberdier
35:20 Iron Casting
35:19 Bow Saw
36:00 Houfnice
36:51 Squires
37:18 Block Printing
37:29 Illumination
41:42 Two-Man Saw
41:22 Plate Mail Armor
41:53 Blast Furnace
45:14 Herbal Medicine
47:22 Conscription
pablov02
11:08 Feudal Age
15:19 Castle Age
13:47 Double-Bit Axe
14:03 Horse Collar
16:07 Loom
17:26 Bow Saw
18:19 Stone Mining
21:46 Gold Mining
23:23 Wheelbarrow
23:15 Heavy Plow
23:53 Fletching
24:43 Gold Shaft Mining
29:40 Imperial Age
27:30 Hand Cart
27:06 Crossbowman
27:51 Padded Archer Armor
28:26 Thumb Ring
29:20 Bodkin Arrow
29:56 Ballistics
30:31 Leather Archer Armor
30:17 Arbalester
31:21 Bracer
32:26 Ring Archer Armor
34:04 Two-Man Saw
33:32 Scale Mail Armor
34:45 Crop Rotation
35:28 Conscription
36:24 Hoardings
35:28 Pikeman
36:28 Chain Mail Armor
38:25 Chemistry
37:46 Gambesons
38:02 Squires
38:28 Murder Holes
39:31 Halberdier
40:47 Fortified Wall
40:22 Treadmill Crane
41:06 Caravan
45:47 Elite Skirmisher
52:01 Plate Mail Armor
51:42 Forging
55:18 Iron Casting
57:17 Scale Barding Armor
57:08 Guard Tower
Lünsiger Aeros.
11:12 Feudal Age
9:59 Loom
11:42 Double-Bit Axe
11:42 Horse Collar
12:43 Wheelbarrow
19:00 Castle Age
28:03 Fletching
29:30 Hand Cart
29:15 Gold Mining
33:43 Imperial Age
32:14 Bodkin Arrow
32:19 Padded Archer Armor
33:33 Town Watch
34:09 Leather Archer Armor
34:48 Artillery
39:00 Forging
38:51 Scale Mail Armor
38:52 Bracer
38:58 Scale Barding Armor
40:45 Iron Casting
41:30 Bloodlines
44:39 Blast Furnace
43:54 Chain Mail Armor
44:01 Chain Barding Armor
44:41 Bombard Tower
44:57 Ring Archer Armor
46:01 Coinage
49:56 Heavy Scorpion
53:36 Murder Holes
55:28 Plate Barding Armor
munichbeerbar
9:23 Feudal Age
9:57 Double-Bit Axe
13:12 Wheelbarrow
13:03 Horse Collar
18:24 Castle Age
17:53 Bloodlines
18:29 Light Cavalry
19:47 Heavy Plow
21:21 Hand Cart
24:08 Hand Cart
24:17 Bow Saw
23:59 Town Watch
24:00 Loom
24:11 Gold Mining
29:47 Imperial Age
27:51 Stone Mining
31:04 Heavy Scorpion
34:43 Conscription
35:00 Gold Shaft Mining
37:46 Stone Shaft Mining
37:31 Fletching
37:25 Hussar
38:06 Husbandry
38:17 Scale Barding Armor
38:23 Forging
38:44 Ballistics
39:25 Chemistry
39:40 Murder Holes
41:22 Iron Casting
41:09 Chain Barding Armor
45:11 Blast Furnace
44:11 Scale Mail Armor
46:29 Plate Barding Armor
45:51 Bodkin Arrow
45:56 Onager
47:17 Chain Mail Armor
49:14 Siege Engineers
49:08 Elite Battle Elephant
52:09 Tusk Swords
52:38 Elite Ballista Elephant
54:57 Double Crossbow
56:25 Bracer
aśoka
11:05 Feudal Age
13:05 Loom
16:06 Castle Age
14:45 Town Watch
16:58 Horse Collar
32:33 Scale Barding Armor
34:22 Chain Barding Armor
36:14 Manipur Cavalry
36:27 Bloodlines
36:18 Husbandry
38:07 Forging
ShadedKnight
11:48 Feudal Age
16:25 Castle Age
15:13 Double-Bit Axe
16:27 Loom
17:19 Bow Saw
17:09 Gold Mining
20:34 Wheelbarrow
21:50 Horse Collar
25:25 Corvinian Army
26:48 Heavy Plow
28:06 Ballistics
27:30 Treadmill Crane
27:48 Murder Holes
28:08 Fletching
28:19 Padded Archer Armor
29:50 Thumb Ring
30:40 Bodkin Arrow
31:01 Leather Archer Armor
31:34 Stone Mining
32:22 Gold Shaft Mining
35:54 Imperial Age
33:40 Hand Cart
34:33 Town Watch
35:31 Masonry
37:08 Conscription
37:33 Heavy Cavalry Archer
38:38 Parthian Tactics
38:49 Recurve Bow
42:29 Chemistry
41:41 Elite Magyar Huszar
46:56 Light Cavalry
47:46 Bloodlines
47:37 Husbandry
51:03 Hussar
ckick123
10:29 Feudal Age
11:14 Double-Bit Axe
11:12 Horse Collar
17:47 Castle Age
20:17 Forging
20:08 Scale Mail Armor
21:50 Bow Saw
21:57 Heavy Plow
23:44 Wheelbarrow
24:59 Hand Cart
30:59 Imperial Age
28:35 Squires
28:38 Town Watch
28:25 Man-at-Arms
29:13 Ballistas
29:18 Loom
29:34 Town Patrol
30:44 Iron Casting
30:25 Chain Mail Armor
29:36 Long Swordsman
32:02 Conscription
32:27 Comitatenses
34:14 Chemistry
33:20 Legionary
34:54 Heavy Scorpion
40:03 Elite Centurion
51:40 Ballistics
NELMAN
5:19 Loom
10:59 Feudal Age
15:18 Castle Age
13:31 Double-Bit Axe
13:45 Horse Collar
21:15 Wheelbarrow
24:44 Heavy Plow
26:12 Stone Mining
26:19 Gold Mining
27:45 Hand Cart
28:00 Bow Saw
29:40 Gold Shaft Mining
29:41 Stone Shaft Mining
32:23 Imperial Age
30:12 Forging
29:53 Fletching
30:03 Padded Archer Armor
30:09 Scale Barding Armor
31:48 Bodkin Arrow
32:29 Iron Casting
32:26 Ballistics
32:02 Murder Holes
32:19 Fortified Wall
32:20 Masonry
33:37 Chain Barding Armor
33:32 Leather Archer Armor
34:21 Chemistry
33:26 Siege Engineers
33:18 Heated Shot
33:05 Elite Skirmisher
34:07 Conscription
33:47 Double Crossbow
34:11 Husbandry
34:22 Bloodlines
33:35 Light Cavalry
35:55 Blast Furnace
34:56 Bracer
34:23 Hussar
36:02 Architecture
36:03 Tusk Swords
37:31 Ring Archer Armor
37:37 Plate Barding Armor
36:24 Elite Battle Elephant
36:27 Elite Ballista Elephant
37:43 Hoardings
37:18 Scale Mail Armor
38:05 Crop Rotation
39:13 Town Watch
48:58 Chain Mail Armor
49:38 Town Patrol
Connection lost

Rejoining the realm…

Still unreachable

The connection could not be restored.

Session expired

The server has moved on; the page needs a fresh start.